 Dungeon Crawl Stone Soup version 0.23.0 (webtiles) character file.

Game seed: 9184563076229993030

11278 TheOrbIsALie the Fighter (level 11, -9/89 HPs)
             Began as a Gnoll Wanderer on Feb 24, 2019.
             Was a High Priest of Qazlal.
             Killed from afar by an orc wizard (33 damage)
             ... with an exploding inner flame
             ... hexed by the player character
             ... on level 2 of the Orcish Mines.
             The game lasted 00:35:27 (9777 turns).

TheOrbIsALie the Fighter (Gnoll Wanderer)           Turns: 9777, Time: 00:35:28

Health: -9/89      AC: 10    Str: 13    XL:     11   Next: 75%
Magic:  3/21       EV: 14    Int: 20    God:    Qazlal [*****.]
Gold:   611        SH:  6    Dex: 14    Spells: 18/24 levels left

rFire    . . .     SeeInvis .   s - +3 quarterstaff (chaos)
rCold    . . .     Gourm    .   (shield currently unavailable)
rNeg     . . .     Faith    +   E - +1 ring mail {rPois}
rPois    +         Spirit   .   (no helmet)
rElec    .         Reflect  .   G - +2 cloak
rCorr    .         Harm     .   (no gloves)
MR       .....                  (no boots)
Stlth    ++........             w - amulet of faith
HPRegen  0.24/turn              (no ring)
MPRegen  0.17/turn              (no ring)

@: very slightly contaminated, repel missiles
A: distributed training, fangs 1, strong nose
a: Upheaval, Elemental Force, Disaster Area, Renounce Religion


You were on level 2 of the Orcish Mines.
You worshipped Qazlal.
Qazlal was extremely pleased with you.
You were not hungry.

You visited 3 branches of the dungeon, and saw 13 of its levels.

You collected 701 gold pieces.
You spent 90 gold pieces at shops.

Inventory:

Hand Weapons
 d - a +0 dagger
 s - a +3 quarterstaff of chaos (weapon)
 v - a +2 flail of protection
 z - a +4 halberd
 A - the cursed +2 war axe of Lisinunt {venom, Fragile +Fly rC+ Str+10}
   (You found it on level 5 of the Dungeon)

   It poisons the flesh of those it strikes.
   It affects your strength (+10).
   It protects you from cold.
   It lets you fly.
   It will be destroyed if unequipped.
   It has a curse placed upon it.
Missiles
 r - 13 tomahawks (quivered)
 y - 5 curare-tipped needles
Armour
 c - a +0 robe
 n - a +0 leather armour of cold resistance
 t - a +0 cloak of invisibility
 E - a +1 ring mail of poison resistance (worn)
 G - a +2 cloak (worn)
 I - a +0 troll leather armour
 L - the cursed +0 robe of the Enchanted Forest {rPois rC+++ rCorr Int-2}
   (You found it on level 10 of the Dungeon)

   It affects your intelligence (-2).
   It renders you almost immune to cold.
   It protects you from poison.
   It provides partial protection from all sources of acid and corrosion.
   It has a curse placed upon it.
Jewellery
 l - an uncursed ring of ice
 w - an amulet of faith (around neck)
Scrolls
 a - 10 scrolls of identify
 b - 6 scrolls of teleportation
 g - 2 scrolls of remove curse
 j - a scroll of blinking {unknown}
 p - 3 scrolls of enchant armour
 q - a scroll of fear
 x - a scroll of enchant weapon {unknown}
 B - 4 scrolls of random uselessness
Potions
 h - 2 potions of agility
 i - a potion of might {unknown}
 k - 3 potions of mutation {unknown}
 m - a potion of flight {unknown}
 o - a potion of magic {unknown}
 u - 3 potions of curing
 D - a potion of haste {unknown}
 F - a potion of invisibility {unknown}
 H - a potion of berserk rage {unknown}
 J - a potion of lignification {unknown}
 M - a potion of ambrosia {unknown}
 N - a potion of cancellation {unknown}
Comestibles
 f - 21 rations


   Skills:
 + Level 9.3 Fighting
 + Level 7.0 Short Blades
 + Level 6.4 Long Blades
 + Level 6.4 Axes
 + Level 6.4 Maces & Flails
 + Level 6.4 Polearms
 + Level 6.4 Staves
 + Level 6.4 Slings
 + Level 6.4 Bows
 + Level 6.4 Crossbows
 + Level 7.0 Throwing
 + Level 6.4 Armour
 + Level 7.0 Dodging
 + Level 6.9 Stealth
 + Level 6.4 Shields
 + Level 6.4 Unarmed Combat
 + Level 7.1 Spellcasting
 + Level 5.3 Conjurations
 + Level 5.8 Hexes
 + Level 5.3 Charms
 + Level 5.3 Summonings
 + Level 5.3 Necromancy
 + Level 5.3 Translocations
 + Level 5.3 Transmutations
 + Level 5.3 Fire Magic
 + Level 5.3 Ice Magic
 + Level 5.3 Air Magic
 + Level 5.3 Earth Magic
 + Level 5.8 Poison Magic
 + Level 7.1 Invocations
 + Level 6.4 Evocations


You had 18 spell levels left.
You knew the following spells:

 Your Spells              Type           Power        Failure   Level  Hunger
a - Sting                 Conj/Pois      ####         1%          1    None
b - Poisonous Vapours     Pois/Air       ####..       2%          2    None
c - Mephitic Cloud        Conj/Pois/Air  ####....     5%          3    #......

Your spell library contained the following spells:

 Spells                   Type           Power        Failure   Level  Hunger
 Olgreb's Toxic Radiance  Pois           ####....     16%         4    ###....
 Venom Bolt               Conj/Pois      ####......   45%         5    #####..


Dungeon Overview and Level Annotations

Branches:
Dungeon (10/15)            Temple (1/1) D:4            Lair (0/6) D:10
    Orc (2/2) D:9             Elf (0/3) Orc:2

Altars:
Nemelex Xobeh
Qazlal
Trog
Wu Jian
Xom
Beogh

Shops:
D:5 }   D:8 ?   D:9 !

Annotations:
D:6 1 runed translucent door, Prince Ribbit; dolape's ghost, novice GrEE


Innate Abilities, Weirdness & Mutations

Your experience applies equally to all skills.
You have very sharp teeth.
Your uncanny sense of smell can sniff out nearby items.


Message History

The orc priest looks encouraged for a moment.
An orc priest comes into view. It is wielding a +0 war axe.
The orc wizard closely misses you.
The orc priest looks encouraged for a moment.
Okay, then.
As you read the scroll of fear, it crumbles to dust.
You assume a fearsome visage.
The orc warrior looks frightened!
The orc wizard looks frightened! x2; The orc priest looks frightened! x3
The orc high priest looks frightened!
The orc priest looks frightened!
The stone giant looks frightened!
You hear a shout!
The orc wizard gestures wildly while chanting.
The orc wizard flickers and vanishes!
The orc warrior is engulfed in freezing vapours.
The orc high priest pleads, "Please don't kill me!"
The orc priest is engulfed in freezing vapours.
The orc priest explodes!
You hear a sizzling sound!
The fiery explosion engulfs something!!
The fiery explosion engulfs you!!
You die...

,,..........#...........,,,,,,,,*
*,,,######.o...........,*,∆,,*,**
,,,,,,,,,##..#.........##**,,,**
,,,,,,,,,,##.....$....#.##**,**
*****,,,,,,#.o....#......##***
,*,*,,,,,,,#...§§§.*.#..#.##
,,,,,*,,,,,#(..§§.###......####
*,,,***,,,,#..§.§o.#........#.*#
,,,,,*,,*,,#..○§@☼o..........,.*
,*∩*,,,**,,#..○C##°.......#.#.#*
,∩,∩,,,,*,,#.#.oo.........#.#.##
,*∩*,,,**,,#,#.......o.........##
,,,,,*,,*,,#......Co.o)...#.#...#
*,,,***,,,,#...$......$..)..#..#*
,,,,,*,,,,,#.#....#O....)).....#
,*,*,,,,,,,#......#.o..........#
*****,,,,,,#.#........o.....#.##


You could see a stone giant (fleeing), an orc high priest (inner flame), 2 orc
warriors, 3 orc priests and an orc wizard (inner flame).

Vanquished Creatures
  Harold (D:8)
  An orc high priest (Orc:1)
  Sonja (Orc:2)
  An orc knight (Orc:1)
  A wolf spider zombie (D:10)
  A mana viper (shapeshifter) (D:7)
  A cyclops (D:10)
  A manticore (D:7)
  A gargoyle (D:10)
  A spiny frog (Orc:1)
  A troll (D:9)
  A hornet (D:9)
  A hippogriff (D:9)
  4 yaks (D:8)
  A spriggan (D:7)
  A wyvern (D:10)
  Edmund (D:4)
  A steam dragon (D:10)
  10 orc warriors
  4 sky beasts
  3 ice beasts
  2 black bears (D:10)
  9 ogres
  A phantom (D:8)
  A centaur (D:8)
  Blork the orc (D:6)
  8 bullfrogs
  A water moccasin zombie (D:9)
  A scorpion (D:10)
  A water moccasin skeleton (D:8)
  4 killer bees (D:9)
  8 wights
  3 howler monkeys
  A bullfrog zombie (D:6)
  A centaur zombie (D:10)
  7 crimson imps
  8 orc priests
  3 jellies
  Crazy Yiuf (D:3)
  8 hounds
  11 orc wizards
  3 bullfrog skeletons
  A centaur skeleton (D:7)
  A gnoll shaman (D:8)
  An iguana (D:6)
  A hound skeleton (D:5)
  A hound zombie (D:5)
  13 gnolls
  A howler monkey skeleton (D:5)
  12 adders
  3 shadow imps
  5 oozes
  An adder skeleton (D:4)
  An adder zombie (D:8)
  4 worms
  5 leopard geckos
  45 orcs
  6 hobgoblins
  4 jackals (D:1)
  6 quokkas
  5 bats
  A frilled lizard (D:1)
  A quokka zombie (D:8)
  8 rats
247 creatures vanquished.

Vanquished Creatures (others)
  An orc wizard (D:5)
  2 withered plants (D:6)
3 creatures vanquished.

Grand Total: 250 creatures vanquished

Notes
Turn   | Place    | Note
-------+----------+-------------------------------------------
     0 | D:1      | TheOrbIsALie the Gnoll Wanderer began the quest for the
                  | Orb.
     0 | D:1      | TheOrbIsALie set off with the following items: 2 scrolls of
                  | teleportation, a +0 robe, a +0 dagger, a ration; and the
                  | following spell memorised: Sting; and the following spells
                  | available to memorise: Poisonous Vapours, Mephitic Cloud,
                  | Olgreb's Toxic Radiance, Venom Bolt
     0 | D:1      | Reached XP level 1. HP: 23/23 MP: 4/4
   274 | D:1      | Reached XP level 2. HP: 26/29 MP: 1/5
   703 | D:2      | You fall through a shaft for 2 floors!
   806 | D:3      | Reached XP level 3. HP: 24/35 MP: 0/7
   887 | D:2      | Learned a level 2 spell: Poisonous Vapours
  1122 | D:2      | Reached skill level 1 in Invocations
  1382 | D:2      | Reached skill level 1 in Long Blades
  1382 | D:2      | Reached skill level 1 in Axes
  1382 | D:2      | Reached skill level 1 in Maces & Flails
  1382 | D:2      | Reached skill level 1 in Polearms
  1382 | D:2      | Reached skill level 1 in Staves
  1382 | D:2      | Reached skill level 1 in Slings
  1382 | D:2      | Reached skill level 1 in Bows
  1382 | D:2      | Reached skill level 1 in Crossbows
  1382 | D:2      | Reached skill level 1 in Armour
  1382 | D:2      | Reached skill level 1 in Shields
  1382 | D:2      | Reached skill level 1 in Unarmed Combat
  1382 | D:2      | Reached skill level 1 in Evocations
  1511 | D:2      | Reached XP level 4. HP: 17/41 MP: 0/8
  1732 | D:3      | Learned a level 3 spell: Mephitic Cloud
  1807 | D:3      | Reached skill level 1 in Conjurations
  1807 | D:3      | Reached skill level 1 in Charms
  1807 | D:3      | Reached skill level 1 in Summonings
  1807 | D:3      | Reached skill level 1 in Necromancy
  1807 | D:3      | Reached skill level 1 in Translocations
  1807 | D:3      | Reached skill level 1 in Transmutations
  1807 | D:3      | Reached skill level 1 in Fire Magic
  1807 | D:3      | Reached skill level 1 in Ice Magic
  1807 | D:3      | Reached skill level 1 in Air Magic
  1807 | D:3      | Reached skill level 1 in Earth Magic
  2053 | D:3      | Found a runed translucent door.
  2054 | D:3      | Noticed Crazy Yiuf
  2067 | D:3      | Killed Crazy Yiuf
  2067 | D:3      | Reached XP level 5. HP: 47/47 MP: 5/9
  2445 | D:4      | Noticed Edmund
  2472 | D:4      | Killed Edmund
  2472 | D:4      | Reached XP level 6. HP: 14/53 MP: 2/11
  2983 | D:4      | Found a staircase to the Ecumenical Temple.
  3003 | D:5      | Entered Level 5 of the Dungeon
  3030 | Temple   | Entered the Ecumenical Temple
  3067 | Temple   | Became a worshipper of Qazlal Stormbringer
  3226 | D:5      | Reached XP level 7. HP: 59/59 MP: 9/12
  3296 | D:5      | Found a bloodstained altar of Trog.
  3501 | D:5      | Reached skill level 7 in Fighting
  3623 | D:5      | Got a shimmering war axe
  3624 | D:5      | Identified the cursed +2 war axe of Lisinunt {venom,
                  | Fragile +Fly rC+ Str+10} (You found it on level 5 of the
                  | Dungeon)
  3741 | D:5      | Found Fuulou's Gadget Shop.
  4036 | D:6      | Noticed Blork the orc
  4044 | D:6      | Killed Blork the orc
  4044 | D:6      | Reached XP level 8. HP: 67/67 MP: 7/14
  4136 | D:6      | Noticed dolape's ghost (novice GrEE)
  4139 | D:6      | Found a runed translucent door.
  4154 | D:6      | Noticed Prince Ribbit
  4173 | D:6      | Reached * piety under Qazlal
  4898 | D:7      | Noticed a glowing shapeshifter
  4898 | D:7      | a jelly changed into a glowing shapeshifter
  4898 | D:7      | Noticed a merfolk
  4898 | D:7      | a glowing shapeshifter changed into a merfolk
  4901 | D:7      | Noticed a moth of wrath
  4901 | D:7      | a merfolk changed into a moth of wrath
  4902 | D:7      | Noticed a mana viper
  4911 | D:7      | Killed a mana viper
  4911 | D:7      | Reached XP level 9. HP: 20/72 MP: 1/16
  5240 | D:7      | Noticed a manticore
  5249 | D:7      | Killed a manticore
  5249 | D:7      | Reached skill level 5 in Short Blades
  5249 | D:7      | Reached skill level 5 in Throwing
  5249 | D:7      | Reached skill level 5 in Dodging
  5249 | D:7      | Reached skill level 5 in Spellcasting
  5254 | D:7      | Reached skill level 5 in Stealth
  5579 | D:8      | Noticed Harold
  5606 | D:8      | Killed Harold
  5606 | D:8      | Reached skill level 8 in Fighting
  5606 | D:8      | Reached skill level 5 in Invocations
  5606 | D:8      | Reached XP level 10. HP: 46/80 MP: 3/18
  5884 | D:8      | Reached ** piety under Qazlal
  5905 | D:8      | Reached skill level 5 in Long Blades
  5905 | D:8      | Reached skill level 5 in Axes
  5905 | D:8      | Reached skill level 5 in Maces & Flails
  5905 | D:8      | Reached skill level 5 in Polearms
  5905 | D:8      | Reached skill level 5 in Staves
  5905 | D:8      | Reached skill level 5 in Slings
  5905 | D:8      | Reached skill level 5 in Bows
  5905 | D:8      | Reached skill level 5 in Crossbows
  5905 | D:8      | Reached skill level 5 in Armour
  5905 | D:8      | Reached skill level 5 in Shields
  5905 | D:8      | Reached skill level 5 in Unarmed Combat
  5905 | D:8      | Reached skill level 5 in Evocations
  6130 | D:8      | Found Jugoeb's Magic Scroll Emporium.
  6681 | D:9      | Reached skill level 5 in Hexes
  6681 | D:9      | Reached skill level 5 in Poison Magic
  6798 | D:9      | Reached *** piety under Qazlal
  7368 | D:9      | Found a staircase to the Orcish Mines.
  7408 | D:9      | Found Ufucon's Distillery.
  7413 | D:9      | Bought a potion of degeneration for 10 gold pieces
  7413 | D:9      | Bought a potion of curing for 30 gold pieces
  7413 | D:9      | Bought a potion of heal wounds for 50 gold pieces
  7577 | D:9      | Found a shimmering altar of Xom.
  7672 | D:10     | Entered Level 10 of the Dungeon
  7679 | D:10     | Reached XP level 11. HP: 42/87 MP: 17/20
  7985 | D:10     | Found a staircase to the Lair.
  8008 | D:10     | Reached **** piety under Qazlal
  8146 | D:10     | Got a wizard robe
  8147 | D:10     | Identified the cursed +0 robe of the Enchanted Forest
                  | {rPois rC+++ rCorr Int-2} (You found it on level 10 of the
                  | Dungeon)
  8216 | D:10     | Reached skill level 9 in Fighting
  8305 | D:10     | Reached skill level 5 in Conjurations
  8305 | D:10     | Reached skill level 5 in Charms
  8305 | D:10     | Reached skill level 5 in Summonings
  8305 | D:10     | Reached skill level 5 in Necromancy
  8305 | D:10     | Reached skill level 5 in Translocations
  8305 | D:10     | Reached skill level 5 in Transmutations
  8305 | D:10     | Reached skill level 5 in Fire Magic
  8305 | D:10     | Reached skill level 5 in Ice Magic
  8305 | D:10     | Reached skill level 5 in Air Magic
  8305 | D:10     | Reached skill level 5 in Earth Magic
  8629 | D:10     | Noticed a cyclops
  8650 | D:10     | Killed a cyclops
  8753 | Orc:1    | Entered Level 1 of the Orcish Mines
  8765 | Orc:1    | Noticed an orc knight
  8772 | Orc:1    | Noticed an orc high priest
  9235 | Orc:1    | Noticed a soul eater
  9243 | Orc:1    | Killed an orc high priest
  9273 | Orc:1    | HP: 1/89 [orc knight/+0 great sword of protection (30)]
  9275 | Orc:1    | Killed an orc knight
  9704 | Orc:2    | Entered Level 2 of the Orcish Mines
  9704 | Orc:2    | Found a staircase to the Elven Halls.
  9704 | Orc:2    | Noticed a stone giant
  9720 | Orc:2    | Noticed an orc high priest
  9727 | Orc:2    | Noticed Sonja
  9739 | Orc:2    | Found a roughly hewn altar of Beogh.
  9743 | Orc:2    | Reached ***** piety under Qazlal
  9750 | Orc:2    | Killed Sonja
  9774 | Orc:2    | Noticed an orc high priest
  9777 | Orc:2    | Killed from afar by an orc wizard

Skill      XL: |  1  2  3  4  5  6  7  8  9 10 11 |
---------------+----------------------------------+-----
Hexes          | 2 3 4 5 |  5.8
Poison Magic   | 2 3 4 5 |  5.8
Invocations    | 1 2 3 4 5 6 7 |  7.1
Long Blades    | 1 2 3 4 5 6 |  6.4
Axes           | 1 2 3 4 5 6 |  6.4
Maces & Flails | 1 2 3 4 5 6 |  6.4
Polearms       | 1 2 3 4 5 6 |  6.4
Staves         | 1 2 3 4 5 6 |  6.4
Slings         | 1 2 3 4 5 6 |  6.4
Bows           | 1 2 3 4 5 6 |  6.4
Crossbows      | 1 2 3 4 5 6 |  6.4
Armour         | 1 2 3 4 5 6 |  6.4
Shields        | 1 2 3 4 5 6 |  6.4
Unarmed Combat | 1 2 3 4 5 6 |  6.4
Evocations     | 1 2 3 4 5 6 |  6.4
Spellcasting   | 3 4 5 6 7 |  7.1
Conjurations   | 1 2 3 4 5 |  5.3
Charms         | 1 2 3 4 5 |  5.3
Summonings     | 1 2 3 4 5 |  5.3
Necromancy     | 1 2 3 4 5 |  5.3
Translocations | 1 2 3 4 5 |  5.3
Transmutations | 1 2 3 4 5 |  5.3
Fire Magic     | 1 2 3 4 5 |  5.3
Ice Magic      | 1 2 3 4 5 |  5.3
Air Magic      | 1 2 3 4 5 |  5.3
Earth Magic    | 1 2 3 4 5 |  5.3
Short Blades   | 3 4 5 6 7 |  7.0
Throwing       | 3 4 5 6 7 |  7.0
Dodging        | 3 4 5 6 7 |  7.0
Stealth        | 3 4 5 6 |  6.9
Fighting       | 7 8 9 |  9.3

Action                   |  1- 3 |  4- 6 |  7- 9 | 10-12 || total
-------------------------+-------+-------+-------+-------++-------
Melee: Dagger            |    53 |    22 |       |       ||    75
       Bite              |     3 |     6 |    12 |    33 ||    54
       Punch             |       |     1 |       |       ||     1
       Quarterstaff      |       |    38 |   158 |   309 ||   505
Throw: Tomahawk          |       |       |       |     1 ||     1
 Cast: Sting             |    58 |    17 |       |       ||    75
       Poisonous Vapours |       |     8 |    34 |    42 ||    84
       Mephitic Cloud    |       |     1 |     5 |    42 ||    48
Invok: Upheaval          |       |       |       |     4 ||     4
Evoke: Wand              |       |       |     8 |     9 ||    17
  Use: Scroll            |       |       |     1 |    10 ||    11
       Potion            |       |       |       |     5 ||     5
 Stab: Sleeping          |     2 |     4 |     1 |       ||     7
       Paralysed         |       |       |     9 |     5 ||    14
       Confused          |       |       |     3 |    15 ||    18
  Eat: Chunk             |     1 |     4 |     8 |    12 ||    25
       Ration            |       |     1 |       |     1 ||     2
Armor: Robe              |     5 |     2 |       |       ||     7
       Leather armour    |       |     2 |    15 |       ||    17
       Ring mail         |       |       |    20 |    85 ||   105
Dodge: Dodged            |    25 |    33 |    89 |   234 ||   381
       Deflected         |       |       |       |     4 ||     4
Block: Other             |       |       |     9 |    60 ||    69
